MLB
TAMPA BAY RAYS @ TORONTO BLUE JAYS
09/29/2019
 
TOP OF THE 1ST
Tampa Bay Rays batting - Pitching for Toronto Blue Jays : RHP Lance Lynn
Pitching: RHP Lance Lynn
Batting: SHB Aaron Hicks 0-0: Ball
1-0: Foul Ball, location: 2F
1-1: Ball
2-1: Ball
3-1: Foul Ball, location: 2F
3-2: Ground out 4-3 (Groundball, 4, EV 79.4 MPH)
Batting: LHB Rafael Devers 0-0: Ground out 6-3 (Groundball, 4, EV 85.0 MPH)
Batting: LHB Michael Conforto 0-0: Ball
1-0: Ball
2-0: Ball
3-0: Base on Balls
Batting: RHB Nelson Cruz 0-0: Foul Ball, location: 2F
0-1: Ball
1-1: Ball
2-1: Ball
3-1: Base on Balls
Michael Conforto to second
Batting: RHB Miguel Cabrera 0-0: Foul Ball, location: 2F
0-1: Called Strike
0-2: Foul Ball, location: 2F
0-2: DOUBLE (Line Drive, 9LS, EV 90.0 MPH)
Michael Conforto scores
Nelson Cruz to third
Batting: RHB Buster Posey 0-0: Ball
1-0: Swinging Strike
1-1: Foul Ball, location: 2F
1-2: Ball
2-2: Ball
3-2: Ground out 4-3 (Groundball, 4, EV 79.4 MPH)
Top of the 1st over - 1 run, 1 hit, 0 errors, 2 left on base; Tampa Bay 1 - Toronto 0
BOTTOM OF THE 1ST
Toronto Blue Jays batting - Pitching for Tampa Bay Rays : LHP Madison Bumgarner
Pitching: LHP Madison Bumgarner
Batting: SHB Billy Hamilton 0-0: Ball
1-0: Called Strike
1-1: Bunt for hit to 25 - play at first, batter OUT! 5-3
Batting: RHB Elvis Andrus 0-0: Called Strike
0-1: Ball
1-1: Called Strike
1-2: Ground out 5-3 (Groundball, 5, EV 79.4 MPH)
Batting: RHB Kris Bryant 0-0: Ball
1-0: Foul Ball, location: 2F
1-1: Ground out 6-3 (Groundball, 6, EV 86.3 MPH)
Bottom of the 1st over - 0 runs, 0 hits, 0 errors, 0 left on base; Tampa Bay 1 - Toronto 0
TOP OF THE 2ND
Tampa Bay Rays batting - Pitching for Toronto Blue Jays : RHP Lance Lynn
Batting: RHB Xander Bogaerts 0-0: Ball
1-0: Ball
2-0: Called Strike
2-1: SINGLE (Groundball, 56D, EV 105.0 MPH)
Batting: RHB Marcell Ozuna 0-0: Ball
1-0: Called Strike
1-1: Foul Ball, location: 2F
1-2: Ball
2-2: Strikes out looking
Batting: RHB DJ LeMahieu 0-0: Called Strike
0-1: SINGLE (Line Drive, 8RS, EV 96.9 MPH)
Xander Bogaerts to second
Batting: SHB Aaron Hicks 0-0: Ball
1-0: Fielders Choice at 2nd, 3-6 (Groundball, 3, EV 97.5 MPH)
Xander Bogaerts to third
Batting: LHB Rafael Devers 0-0: Ground out 4-3 (Groundball, 4, EV 88.8 MPH)
Top of the 2nd over - 0 runs, 2 hits, 0 errors, 2 left on base; Tampa Bay 1 - Toronto 0
BOTTOM OF THE 2ND
Toronto Blue Jays batting - Pitching for Tampa Bay Rays : LHP Madison Bumgarner
Batting: RHB Nicholas Castellanos 0-0: SOLO HOME RUN (Flyball, 7D, EV 101.9 MPH), Distance : 365 ft
Batting: RHB Yoenis Cespedes 0-0: Ball
1-0: Ball
2-0: Ball
3-0: Foul Ball, location: 2F
3-1: Base on Balls
Batting: SHB Josh Bell 0-0: Ball
1-0: Called Strike
1-1: Swinging Strike
1-2: Foul Ball, location: 2F
1-2: Ball
2-2: Fly out, F7 (Flyball, 7LS, EV 88.8 MPH)
Batting: RHB Travis d'Arnaud 0-0: Ball
1-0: Ball
2-0: Foul Ball, location: 2F
2-1: Ground out 6-3 (Groundball, 6, EV 108.8 MPH)
Yoenis Cespedes to second
Batting: RHB Jorge Soler 0-0: Ball
1-0: Ball
2-0: Ball
3-0: Called Strike
3-1: Swinging Strike
3-2: Ground out 2-3 (Groundball, 2R, EV 70.6 MPH)
Bottom of the 2nd over - 1 run, 1 hit, 0 errors, 1 left on base; Tampa Bay 1 - Toronto 1
TOP OF THE 3RD
Tampa Bay Rays batting - Pitching for Toronto Blue Jays : RHP Lance Lynn
Batting: LHB Michael Conforto 0-0: Ball
1-0: Called Strike
1-1: Foul Ball, location: 2F
1-2: Ball
2-2: Ball
3-2: Fly out, F9 (Flyball, 9S, EV 83.8 MPH)
Batting: RHB Nelson Cruz 0-0: SINGLE (Groundball, 6MD, EV 96.9 MPH)
Batting: RHB Miguel Cabrera 0-0: SINGLE (Flyball, 8LS, EV 90.0 MPH)
Nelson Cruz to second
Batting: RHB Buster Posey 0-0: Foul Ball, location: 2F
0-1: Fly out, F8 (Flyball, 8RM, EV 98.1 MPH)
Batting: RHB Xander Bogaerts 0-0: Ball
1-0: Foul Ball, location: 2F
1-1: Swinging Strike
1-2: Ground out 5-3 (Groundball, 56S, EV 79.4 MPH)
Top of the 3rd over - 0 runs, 2 hits, 0 errors, 2 left on base; Tampa Bay 1 - Toronto 1
BOTTOM OF THE 3RD
Toronto Blue Jays batting - Pitching for Tampa Bay Rays : LHP Madison Bumgarner
Batting: RHB Dixon Machado 0-0: Fly out, F8 (Flyball, 8LXD, EV 98.1 MPH)
Batting: SHB Billy Hamilton 0-0: Ball
1-0: SINGLE (Flyball, 89S, EV 94.4 MPH)
Batting: RHB Elvis Andrus 0-0: DOUBLE (Line Drive, 78XD, EV 110.6 MPH)
Billy Hamilton to third
Batting: RHB Kris Bryant 0-0: Ball
1-0: Ground out 5-3 (Groundball, 56S, EV 81.9 MPH)
Billy Hamilton scores
Batting: RHB Nicholas Castellanos 0-0: Ball
1-0: Swinging Strike
1-1: Fly out, F9 (Flyball, 9S, EV 80.6 MPH)
Bottom of the 3rd over - 1 run, 2 hits, 0 errors, 1 left on base; Tampa Bay 1 - Toronto 2
TOP OF THE 4TH
Tampa Bay Rays batting - Pitching for Toronto Blue Jays : RHP Lance Lynn
Batting: RHB Marcell Ozuna 0-0: Called Strike
0-1: Ball
1-1: Called Strike
1-2: Foul Ball, location: 2F
1-2: Ground out 6-3 (Groundball, 6, EV 80.0 MPH)
Batting: RHB DJ LeMahieu 0-0: Ball
1-0: Foul Ball, location: 2F
1-1: Swinging Strike
1-2: Strikes out swinging
Batting: SHB Aaron Hicks 0-0: Foul Ball, location: 2F
0-1: Ball
1-1: Ball
2-1: Ball
3-1: Base on Balls
Batting: LHB Rafael Devers 0-0: Ball
1-0: Ball
2-0: Swinging Strike
2-1: Fly out, F8 (Flyball, 89S, EV 85.6 MPH)
Top of the 4th over - 0 runs, 0 hits, 0 errors, 1 left on base; Tampa Bay 1 - Toronto 2
BOTTOM OF THE 4TH
Toronto Blue Jays batting - Pitching for Tampa Bay Rays : LHP Madison Bumgarner
Batting: RHB Yoenis Cespedes 0-0: Ball
1-0: Ball
2-0: Called Strike
2-1: Ball
3-1: Swinging Strike
3-2: Ground out 6-3 (Groundball, 6, EV 83.8 MPH)
Batting: SHB Josh Bell 0-0: Ball
1-0: Ball
2-0: Fly out, F8 (Flyball, 89D, EV 96.9 MPH)
Batting: RHB Travis d'Arnaud 0-0: Called Strike
0-1: DOUBLE (Line Drive, 3D, EV 94.4 MPH)
Batting: RHB Jorge Soler 0-0: Ball
1-0: Foul Ball, location: 2F
1-1: Ball
2-1: Foul Ball, location: 2F
2-2: Foul Ball, location: 2F
2-2: Foul Ball, location: 2F
2-2: Foul Ball, location: 2F
2-2: Ball
3-2: 2-RUN HOME RUN (Line Drive, 78XD, EV 96.3 MPH), Distance : 407 ft
Batting: RHB Dixon Machado 0-0: Ground out 5-3 (Groundball, 56, EV 88.8 MPH)
Bottom of the 4th over - 2 runs, 2 hits, 0 errors, 0 left on base; Tampa Bay 1 - Toronto 4
TOP OF THE 5TH
Tampa Bay Rays batting - Pitching for Toronto Blue Jays : RHP Lance Lynn
Batting: LHB Michael Conforto 0-0: Foul Ball, location: 2F
0-1: Ball
1-1: Ball
2-1: Ground out 4-3 (Groundball, 4M, EV 81.9 MPH)
Batting: RHB Nelson Cruz 0-0: Ball
1-0: Ball
2-0: Foul Ball, location: 2F
2-1: Called Strike
2-2: Ball
3-2: Foul Ball, location: 2F
3-2: Base on Balls
Batting: RHB Miguel Cabrera 0-0: Called Strike
0-1: SINGLE (Flyball, 9S, EV 91.9 MPH)
Nelson Cruz to second
Runner from 2nd tries for 3rd, SAFE, throw by RF made to third
Batting: RHB Buster Posey 0-0: Ball
1-0: Swinging Strike
1-1: Called Strike
1-2: Strikes out swinging
Batting: RHB Xander Bogaerts 0-0: Called Strike
0-1: Foul Ball, location: 2F
0-2: Ground out 3-1 (Groundball, 34S, EV 81.3 MPH)
Top of the 5th over - 0 runs, 1 hit, 0 errors, 2 left on base; Tampa Bay 1 - Toronto 4
BOTTOM OF THE 5TH
Toronto Blue Jays batting - Pitching for Tampa Bay Rays : LHP Madison Bumgarner
Batting: SHB Billy Hamilton 0-0: SINGLE (Groundball, 4M, EV 98.1 MPH)
Batting: RHB Elvis Andrus 0-0: Ball
1-0: Swinging Strike
1-1: Ball
2-1: Foul Ball, location: 2F
2-2: Foul Ball, location: 2F
2-2: Foul Ball, location: 2F
2-2: Fly out, F8 (Line Drive, 8LD, EV 90.0 MPH)
Batting: RHB Kris Bryant 0-0: Ball
1-0: Called Strike
Billy Hamilton steals 2nd base
1-1: Ball
2-1: Fly out, F8 (Line Drive, 8RM, EV 91.3 MPH)
Batting: RHB Nicholas Castellanos 0-0: Called Strike
0-1: Swinging Strike
0-2: Ball
1-2: Ball
2-2: Ball
3-2: Base on Balls
Batting: RHB Yoenis Cespedes 0-0: Called Strike
Nicholas Castellanos steals 2nd base
Billy Hamilton steals 3rd base
0-1: SINGLE (Line Drive, 5D, EV 95.6 MPH)
Billy Hamilton scores
Nicholas Castellanos to third
Pitching: RHP Shane Carle
Batting: SHB Josh Bell 0-0: Called Strike
0-1: Foul Ball, location: 2F
0-2: Ball
1-2: Ball
2-2: Ball
3-2: SINGLE (Groundball, 6, EV 106.3 MPH) (infield hit)
Nicholas Castellanos scores
Yoenis Cespedes to second
Batting: RHB Travis d'Arnaud 0-0: Ball
1-0: Fly out, F9 (Flyball, 89S, EV 85.0 MPH)
Bottom of the 5th over - 2 runs, 3 hits, 0 errors, 2 left on base; Tampa Bay 1 - Toronto 6
TOP OF THE 6TH
Tampa Bay Rays batting - Pitching for Toronto Blue Jays : RHP Lance Lynn
Batting: RHB Marcell Ozuna 0-0: Ball
1-0: Ball
2-0: Called Strike
2-1: SINGLE (Groundball, 6D, EV 98.1 MPH)
Pitching: RHP Shelby Miller
Batting: RHB DJ LeMahieu 0-0: Called Strike
0-1: SINGLE (Flyball, 6MD, EV 93.1 MPH)
Marcell Ozuna to second
Batting: SHB Aaron Hicks 0-0: Ball
1-0: Called Strike
1-1: Called Strike
1-2: Ball
2-2: Strikes out swinging
Batting: LHB Rafael Devers 0-0: Called Strike
0-1: Ball
1-1: Called Strike
1-2: Foul Ball, location: 2F
1-2: Grounds into double play, 4-6-3 (Groundball, 34, EV 111.3 MPH)
Top of the 6th over - 0 runs, 2 hits, 0 errors, 1 left on base; Tampa Bay 1 - Toronto 6
BOTTOM OF THE 6TH
Toronto Blue Jays batting - Pitching for Tampa Bay Rays : RHP Shane Carle
Batting: RHB Jorge Soler 0-0: SINGLE (Groundball, 56D, EV 93.8 MPH)
Batting: RHB Dixon Machado 0-0: Called Strike
0-1: Swinging Strike
0-2: Ball
1-2: Foul Ball, location: 2F
1-2: Grounds into double play, 6-4-3 (Groundball, 6, EV 82.5 MPH)
Batting: SHB Billy Hamilton 0-0: Ball
1-0: Ball
2-0: Ball
3-0: Called Strike
3-1: DOUBLE (Line Drive, 3D, EV 105.0 MPH)
Batting: RHB Elvis Andrus 0-0: Ball
1-0: Called Strike
1-1: Ball
2-1: Foul Ball, location: 2F
2-2: Foul Ball, location: 2F
2-2: Foul Ball, location: 2F
2-2: Foul Ball, location: 2F
2-2: Strikes out swinging
Bottom of the 6th over - 0 runs, 2 hits, 0 errors, 1 left on base; Tampa Bay 1 - Toronto 6
TOP OF THE 7TH
Tampa Bay Rays batting - Pitching for Toronto Blue Jays : RHP Shelby Miller
Batting: LHB Michael Conforto 0-0: Called Strike
0-1: Swinging Strike
0-2: Ball
1-2: Strikes out looking
Batting: RHB Nelson Cruz 0-0: Ball
1-0: Ground out 5-3 (Groundball, 56, EV 86.9 MPH)
Batting: RHB Miguel Cabrera 0-0: Ball
1-0: Ball
2-0: Ball
3-0: Called Strike
3-1: Fly out, F9 (Flyball, 9LS, EV 88.1 MPH)
Top of the 7th over - 0 runs, 0 hits, 0 errors, 0 left on base; Tampa Bay 1 - Toronto 6
BOTTOM OF THE 7TH
Toronto Blue Jays batting - Pitching for Tampa Bay Rays : RHP Shane Carle
Batting: RHB Kris Bryant 0-0: Foul Ball, location: 2F
0-1: Swinging Strike
0-2: Ball
1-2: Ball
2-2: Strikes out swinging
Batting: RHB Nicholas Castellanos 0-0: Fly out, F8 (Flyball, 8LS, EV 87.5 MPH)
Batting: RHB Yoenis Cespedes 0-0: Fly out, F8 (Flyball, 78D, EV 76.3 MPH)
Bottom of the 7th over - 0 runs, 0 hits, 0 errors, 0 left on base; Tampa Bay 1 - Toronto 6
TOP OF THE 8TH
Tampa Bay Rays batting - Pitching for Toronto Blue Jays : RHP Shelby Miller
Pitching: RHP Mason McCullough
Batting: RHB Buster Posey 0-0: Foul Ball, location: 2F
0-1: Fly out, F9 (Flyball, 9S, EV 82.5 MPH)
Batting: RHB Xander Bogaerts 0-0: Foul Ball, location: 2F
0-1: Ball
1-1: Called Strike
1-2: Ball
2-2: Ball
3-2: Foul Ball, location: 2F
3-2: Foul Ball, location: 2F
3-2: Fly out, F9 (Line Drive, 9D, EV 91.9 MPH)
Batting: RHB Marcell Ozuna 0-0: Ball
1-0: Swinging Strike
1-1: Ball
2-1: Ground out 6-3 (Groundball, 6, EV 103.1 MPH)
Top of the 8th over - 0 runs, 0 hits, 0 errors, 0 left on base; Tampa Bay 1 - Toronto 6
BOTTOM OF THE 8TH
Toronto Blue Jays batting - Pitching for Tampa Bay Rays : RHP Shane Carle
Batting: SHB Josh Bell 0-0: Ball
1-0: Swinging Strike
1-1: Swinging Strike
1-2: Ball
2-2: Foul Ball, location: 2F
2-2: Strikes out swinging
Batting: RHB Travis d'Arnaud 0-0: Foul Ball, location: 2F
0-1: Ball
1-1: Foul Ball, location: 2F
1-2: DOUBLE (Line Drive, 7LS, EV 95.0 MPH)
Pitching: RHP Conor Fisk
Pinch Runner at 2nd Aledmys Diaz:
Batting: RHB Jorge Soler 0-0: Ball
1-0: Ground out 6-3 (Groundball, 6, EV 110.0 MPH)
Batting: RHB Dixon Machado 0-0: Called Strike
0-1: Called Strike
0-2: Ground out 5-3 (Groundball, 5, EV 104.4 MPH)
Bottom of the 8th over - 0 runs, 1 hit, 0 errors, 1 left on base; Tampa Bay 1 - Toronto 6
TOP OF THE 9TH
Tampa Bay Rays batting - Pitching for Toronto Blue Jays : RHP Mason McCullough
Now at C: Matt Wieters
Batting: RHB DJ LeMahieu 0-0: Ball
1-0: Called Strike
1-1: Ball
2-1: Ground out 3-1 (Groundball, 34, EV 83.1 MPH)
Batting: SHB Aaron Hicks 0-0: Ball
1-0: Ball
2-0: Ball
3-0: Base on Balls
Pitching: RHP Danny Barnes
Batting: LHB Rafael Devers 0-0: Ball
1-0: Called Strike
1-1: Ball
2-1: Swinging Strike
2-2: Foul Ball, location: 2F
2-2: Strikes out swinging
Batting: LHB Michael Conforto 0-0: Called Strike
0-1: Ball
1-1: Ground out 4-3 (Groundball, 34, EV 88.1 MPH)
Top of the 9th over - 0 runs, 0 hits, 0 errors, 1 left on base; Tampa Bay 1 - Toronto 6
Tuesday, January 7th, 2020 - OOTP Baseball 20.8 Build 73